 Dungeon Sprint DCSS version 0.23.2-30-g0e89c35 (webtiles) character file.

Game seed: 5444382102903891938

1155 Fang the Fighter (level 8, -2/87 HPs)
             Began as a Gargoyle Berserker on June 12, 2019.
             Was an Elder of Trog.
             Slain by an ice beast (3 damage)
             ... summoned by a deep elf mage
             ... in the Dungeon (Sprint V: "Ziggurat Sprint").
             The game lasted 00:01:09 (461 turns).

Fang the Fighter (Gargoyle Berserker)                Turns: 461, Time: 00:01:09

Health: -2/87      AC: 29    Str: 41    XL:     8   Next: 39%
Magic:  8/8        EV: 10    Int:  7    God:    Trog [****..]
Gold:   0          SH:  0    Dex:  9    Spells: 7/7 levels left

rFire    + . .     SeeInvis .   k - +5 executioner's axe
rCold    + . .     Gourm    .   (shield currently unavailable)
rNeg     + . .     Faith    .   j - +5 gold dragon scales
rPois    ∞         Spirit   .   (no helmet)
rElec    +         Reflect  .   (no cloak)
rCorr    .         Harm     .   g - +0 pair of gloves {archery}
MR       .....     NoTele   +   (no boots)
Stlth    ..........             (no amulet)
HPRegen  0.24/turn              D - +6 ring of strength
MPRegen  0.11/turn              E - +6 ring of strength

@: berserking (expiring), very quick
A: negative energy resistance 1, electricity resistance, unbreathing,
petrification resistance, rot immunity, AC +5
a: Berserk, Trog's Hand, Brothers in Arms, Renounce Religion


You were in the Dungeon.
You worshipped Trog.
Trog was greatly pleased with you.
You were very hungry.

You visited 1 branch

Inventory:

Hand Weapons
 k - a +5 executioner's axe (weapon)
Armour
 g - a +0 pair of gloves of archery (worn)
 j - +5 gold dragon scales (worn)
Jewellery
 b - the ring of Xeorr {Ice rN+}
   (You found it in the Dungeon)

   [ring of ice]

   It enhances your ice magic.
   It makes you vulnerable to fire.
   It protects you from cold.
   It protects you from negative energy.
 D - a +6 ring of strength (left hand)
 E - a +6 ring of strength (right hand)
Wands
 w - a wand of disintegration (7)
 x - a wand of iceblast (7)
 y - a wand of acid (7)
Scrolls
 i - 4 scrolls of blinking
 l - 7 scrolls of fog
 m - a scroll of holy word
 n - 5 scrolls of identify
 o - 5 scrolls of remove curse
 p - 2 scrolls of fear
Potions
 d - 10 potions of curing
 e - 10 potions of heal wounds
 f - 6 potions of haste
 h - 3 potions of berserk rage
 r - 2 potions of invisibility
 s - 4 potions of resistance
 t - a potion of experience
Comestibles
 a - 11 chunks of flesh
 c - 7 rations


   Skills:
 + Level 10.4 Fighting
 + Level 8.8 Axes
 + Level 10.1 Armour
 + Level 7.7 Dodging


You had 7 spell levels left.
You didn't know any spells.
Your spell library was empty.

Dungeon Overview and Level Annotations

Branches:
Dungeon (1/1)

Altars:
Ashenzari
Cheibriados
Dithmenos
Elyvilon
Fedhas
Gozag
Hepliaklqana
Kikubaaqudgha
Makhleb
Nemelex Xobeh
Okawaru
Qazlal
Ru
Sif Muna
Trog
Uskayaw
Vehumet
Wu Jian
Xom
Yredelemnul
Zin
The Shining One
Beogh
Jiyva
Lugonu

Annotations:
D 1 transporter


Innate Abilities, Weirdness & Mutations

You are resistant to torment.
Your stone body is resilient. (AC +5)
You are immune to poison.
You resist negative energy. (rN+)
You are resistant to electric shocks. (rElec)
You can survive without breathing.
You are immune to petrification.
You are immune to rotting.


Message History

The deep elf mage hits you but does no damage.
The air elemental closely misses you.
You float gracefully downwards.
The air elemental hits you.
The deep elf archer hits you but does no damage.
Space warps horribly around you!!
* * * LOW HITPOINT WARNING * * *
The ice beast hits you but does no damage.
The air elemental barely misses you.
You see here a +0 long sword.
You slash the ice beast!
The ice beast is heavily wounded.
You slice the air elemental!! You closely miss the deep elf mage.
The air elemental hits you but does no damage.
The deep elf mage barely misses you.
The air elemental hits you but does no damage.
The deep elf archer hits you but does no damage.
Space warps horribly around you!
* * * LOW HITPOINT WARNING * * *
The ice beast hits you.
You die...

▓.....▓.....▓.).}.▓
▓.....▓.....▓.....▓
▓.....▓.....▓.†...▓
▓.÷÷÷.▓.....▓..©..▓
▓..©..▓..©..▓▓▓▓▓▓▓
▓▓▓▓▓▓▓▓▓▓▓▓▓▓▓▓▓▓▓
▓..8©8...▓..8©8...▓
▓...:}...▓..[|[...▓
▓...)....▓..)@)...▓
▓........▓.YYeE...▓
▓..))[...▓..eeY...▓
▓........▓.▓....▓.▓
▓...©....▓...©....▓
▓▓▓▓▓▓▓▓▓▓▓▓▓▓▓▓▓▓▓


You could see a deep elf archer, 2 deep elf magi, an air elemental and 3 ice
beasts.

Vanquished Creatures
  A deep elf mage (D)
  2 trolls (D)
  2 porcupines (D)
  2 ogres (D)
  A wolf (D)
  A bullfrog (D)
  2 scorpions (D)
  A river rat (D)
  2 jackals (D)
14 creatures vanquished.

Notes
Turn   | Place    | Note
-------+----------+-------------------------------------------
     0 | D        | Found the +6 Majin-Bo {vamp, Archmagi MP+6 Int+6}
     0 | D        | Found the +7 great mace "Firestarter" {inner flame, rF++}
     0 | D        | Fang the Gargoyle Berserker began the quest for the Orb.
     0 | D        | Reached XP level 1. HP: 14/14 MP: 1/1
     3 | D        | Found a blossoming altar of Fedhas.
     4 | D        | Found a viscous altar of Jiyva.
     4 | D        | Found a hazy altar of Hepliaklqana.
     4 | D        | Found a transporter.
     4 | D        | Found an opulent altar of Gozag.
     4 | D        | Found an ancient bone altar of Kikubaaqudgha.
     4 | D        | Found a corrupted altar of Lugonu.
     8 | D        | Found a burning altar of Makhleb.
     9 | D        | Found a sacrificial altar of Ru.
     9 | D        | Found a stormy altar of Qazlal.
     9 | D        | Found a deep blue altar of Sif Muna.
     9 | D        | Found an iron altar of Okawaru.
     9 | D        | Found a bloodstained altar of Trog.
     9 | D        | Found a sparkling altar of Nemelex Xobeh.
    55 | D        | Entered arena 2.
    55 | D        | Noticed a scorpion
    55 | D        | Noticed a scorpion
    55 | D        | Found a transporter.
    59 | D        | Killed a scorpion
    59 | D        | Reached skill level 5 in Fighting
    59 | D        | Reached XP level 2. HP: 21/21 MP: 2/2
    59 | D        | Reached XP level 3. HP: 26/26 MP: 3/3
    61 | D        | Killed a scorpion
    61 | D        | Reached skill level 5 in Armour
    61 | D        | Reached XP level 4. HP: 32/32 MP: 4/4
   144 | D        | Entered arena 3.
   144 | D        | Noticed a wolf
   144 | D        | Found a transporter.
   146 | D        | Reached ** piety under Trog
   148 | D        | Reached skill level 5 in Axes
   154 | D        | Killed a wolf
   154 | D        | Reached XP level 5. HP: 26/38 MP: 5/5
   316 | D        | Entered arena 4.
   316 | D        | Noticed a porcupine
   316 | D        | Noticed a porcupine
   316 | D        | Found a transporter.
   320 | D        | Reached *** piety under Trog
   320 | D        | Reached skill level 5 in Dodging
   320 | D        | Reached XP level 6. HP: 44/44 MP: 6/6
   321 | D        | Killed a porcupine
   323 | D        | Killed a porcupine
   323 | D        | Received a gift from Trog
   323 | D        | Reached XP level 7. HP: 50/50 MP: 7/7
   382 | D        | Got the ring of Xeorr {Ice rN+}
   391 | D        | Entered arena 5.
   391 | D        | Noticed a troll
   391 | D        | Noticed a troll
   391 | D        | Found a transporter.
   396 | D        | Killed a troll
   397 | D        | Killed a troll
   397 | D        | Reached **** piety under Trog
   397 | D        | Reached skill level 10 in Fighting
   397 | D        | Reached XP level 8. HP: 57/57 MP: 8/8
   453 | D        | Entered arena 6.
   453 | D        | Noticed a deep elf mage
   453 | D        | Noticed an air elemental
   453 | D        | Noticed a deep elf mage
   453 | D        | Noticed a deep elf archer
   453 | D        | Noticed a deep elf mage
   453 | D        | Found a transporter.
   459 | D        | Killed a deep elf mage
   459 | D        | Reached skill level 10 in Armour
   461 | D        | HP: 1/87 [deep elf archer/+0 spear of distortion (13)]
   461 | D        | Slain by an ice beast

Skill      XL: |  1  2  3  4  5  6  7  8 |
---------------+-------------------------+-----
Fighting       | 5 7 8 10 | 10.4
Axes           | 4 5 6 7 8 |  8.8
Armour         | 4 5 6 7 8 9 10 | 10.1
Dodging        | 3 4 5 6 7 |  7.7

Action                   |  1- 3 |  4- 6 |  7- 9 || total
-------------------------+-------+-------+-------++-------
Melee: Executioner's axe |     5 |    14 |     9 ||    28
Invok: Berserk           |     1 |     2 |     2 ||     5
  Eat: Chunk             |       |       |     2 ||     2
Armor: Gold dragon scale |     5 |    27 |    21 ||    53
Dodge: Dodged            |     1 |    10 |    16 ||    27
